 Dungeon Crawl Stone Soup version 0.28-a0-1241-gf280a0fbb2 (webtiles) character file.

Game seed: 4573040298051327708

8276 Conn the Arsonist (level 11, -2/68 HPs)
             Began as an Octopode Fire Elementalist on Dec 26, 2021.
             Was a Follower of Sif Muna.
             Slain by a wyvern (19 damage)
             ... on level 10 of the Dungeon.
             The game lasted 00:34:47 (11504 turns).

Conn the Arsonist (Octopode Fire Elementalist)     Turns: 11504, Time: 00:34:48

Health: -2/68      AC:  1    Str:  7    XL:     11   Next: 28%
Magic:  18/31      EV: 14    Int: 31    God:    Sif Muna [*.....]
Gold:   221        SH:  0    Dex: 17    Spells: 4/25 levels left

rFire   . . .      SeeInvis +   D - +6 falchion of Yrutum {vorpal, rPois rC+}
rCold   + + +      Faith    .   (no shield)
rNeg    . . .      Spirit   .   (helmet restricted)
rPois   +          Reflect  +   O - amulet of reflection
rElec   .          Harm     .   e - +4 ring of slaying
rCorr   +          Rampage  .   h - +6 ring of intelligence
Will    +....                   z - +6 ring of dexterity
Stlth   +++.......              A - ring of resist corrosion
HPRegen 0.21/turn               M - ring of willpower
MPRegen 0.22/turn               N - ring of magical power
                                R - ring of protection from cold
                                d - ring of Yendor {Wiz rC+ Int+3 Dex-2 SInv}

@: confused, ambrosia-drunk
A: almost no armour, amphibious, 8 rings, camouflage 1, gelatinous body 1,
(nimble swimmer 1), tentacles
a: Renounce Religion, Channel Magic


You were on level 10 of the Dungeon.
You worshipped Sif Muna.
Sif Muna was aware of your devotion.
You visited 2 branches of the dungeon, and saw 11 of its levels.
You also visited: Sewer.

You collected 596 gold pieces.
You spent 375 gold pieces at shops.

Inventory:

Hand Weapons
 n - a +2 falchion of protection
 D - the +6 falchion of Yrutum (weapon) {vorpal, rPois rC+}
   (You found it on level 6 of the Dungeon)

   It inflicts extra damage upon your enemies.
   rC:        It protects you from cold.
   rPois:     It protects you from poison.
Missiles
 l - 4 throwing nets (quivered)
 m - 35 poisoned darts
 o - 2 boomerangs of dispersal
Jewellery
 d - the ring of Yendor (on tentacle) {Wiz rC+ Int+3 Dex-2 SInv}
   (You acquired it on level 7 of the Dungeon)

   [ring of wizardry]

   It improves your spell success rate.
   Int:       It affects your intelligence (+3).
   Dex:       It affects your dexterity (-2).
   rC:        It protects you from cold.
   SInv:      It lets you see invisible.
 e - a +4 ring of slaying (left tentacle)
 h - a +6 ring of intelligence (right tentacle)
 z - a +6 ring of dexterity (on tentacle)
 A - a ring of resist corrosion (on tentacle)
 F - an amulet of regeneration
 H - a ring of ice
 M - a ring of willpower (on tentacle)
 N - a ring of magical power (on tentacle)
 O - an amulet of reflection (around mantle)
 R - a ring of protection from cold (on tentacle)
Wands
 q - a wand of acid (2)
 w - a wand of polymorph (21)
 Q - a wand of charming (9)
 S - a wand of mindburst (5)
Scrolls
 a - 2 scrolls of silence
 j - a scroll of amnesia
 E - a scroll of fear {unknown}
 K - 2 scrolls of magic mapping {unknown}
 L - 2 scrolls of fog {unknown}
Potions
 b - 2 potions of mutation
 c - a potion of ambrosia
 g - a potion of berserk rage
 i - 5 potions of curing
 s - a potion of brilliance
 u - a potion of magic
 x - 2 potions of flight
 B - a potion of might
 C - a potion of haste
 I - a potion of lignification {unknown}
 J - a potion of resistance {unknown}
 P - a potion of attraction {unknown}
Miscellaneous
 p - a box of beasts


   Skills:
 + Level 3.8 Fighting
 + Level 1.2(4.2) Short Blades
 + Level 6.4(6.5) Long Blades
 + Level 3.8 Dodging
 + Level 7.8 Stealth
 + Level 0.8 Shields
 + Level 7.5 Spellcasting
 * Level 6.0 Conjurations
 + Level 2.9 Hexes
 * Level 2.8 Translocations
 + Level 8.1 Fire Magic
 * Level 2.9 Air Magic
 * Level 3.1 Invocations


You had 4 spell levels left.
You knew the following spells:

 Your Spells              Type           Power      Damage    Failure   Level
a - Foxfire               Conj/Fire      100%       2x1d9     1%          1
b - Conjure Flame         Conj/Fire      53%        6-21      1%          3
c - Inner Flame           Hex/Fire       46%        N/A       1%          3
d - Flame Wave            Conj/Fire      53%        2d9       1%          4
e - Scorch                Fire           100%       2d10      1%          2
f - Iskenderun's Mystic   Conj/Tloc      39%        2d9       2%          4
g - Airstrike             Air            14%        N/A       5%          4

Your spell library contained the following spells:

 Spells                   Type           Power      Damage    Failure   Level
 Gell's Gravitas          Tloc           29%        N/A       1%          3
 Lesser Beckoning         Tloc           29%        N/A       1%          3
 Portal Projectile        Hex/Tloc       58%        N/A       1%          3
 Teleport Other           Tloc           29%        N/A       1%          3
 Tukima's Dance           Hex            29%        N/A       1%          3
 Fulminant Prism          Conj/Hex       19%        3d11      2%          4
 Call Canine Familiar     Summ           11%        N/A       5%          3
 Passage of Golubria      Tloc           29%        N/A       5%          4
 Leda's Liquefaction      Hex/Erth       10%        N/A       9%          4
 Summon Lightning Spire   Summ/Air       20%        N/A       9%          4
 Lightning Bolt           Conj/Air       19%        1d34      8%          5
 Yara's Violent Unravell  Hex/Tmut       10%        3d6       26%         5
 Lee's Rapid Deconstruct  Erth           5%         3d7*      41%         5
 Storm Form               Tmut/Air       10%        N/A       99%         7
 Maxwell's Capacitive Co  Air            14%        ∞         100%        8


Dungeon Overview and Level Annotations

Branches:
Dungeon (10/15)            Temple (1/1) D:7           Sewer (visited)
   Lair: D:8-11         Orc: D:9-12

Altars:
Ashenzari
Cheibriados
Dithmenos
Elyvilon
Fedhas
Gozag
Hepliaklqana
Kikubaaqudgha
Makhleb
Nemelex Xobeh
Okawaru
Ru
Sif Muna
Trog
Uskayaw
Vehumet
Wu Jian
Xom
Yredelemnul
Zin
The Shining One

Shops:
D:2 (   D:3 (   D:7 *   D:8 =

Annotations:
D:10 Erica


Innate Abilities, Weirdness & Mutations

You cannot wear most types of armour.
You are amphibious.
You can wear up to eight rings at the same time.
Your skin changes colour to match your surroundings (Stealth+).
Your rubbery body absorbs attacks. (AC +1, EV +1)
((You are camouflaged when in or above water. (Stealth+)))
You have tentacles for arms and can constrict up to eight enemies at once.


Message History

Unknown command.
Unknown command.
Unknown command.
Aiming: Charm
Press: ? - help, Shift-Dir - straight line, f - tengu conjurer
Aim: a tengu conjurer, wielding the +3 dagger of Bunihi Noaze {spect, Dex+3} and wearing a +1 buckler of protection (chance to affect: 49%)
Okay, then.
Unknown command.
Okay, then.
Unknown command.
Unknown command.
Unknown command.
Okay, then.
Unknown command.
Unknown command.
Okay, then.
Unknown command.
Your surroundings suddenly seem different.
Okay, then.
Okay, then.
A cyclops and Erica come into view.
Erica is wielding a +4 scimitar of flaming and wearing a +0 robe of willpower.
Erica moves out of view.
A tengu conjurer comes into view.
Found a long sword.
A wyvern comes into view.
Found 14 gold pieces.
Found a stone staircase leading down.
The wyvern hisses angrily.
Aiming: Charm
Press: ? - help, Shift-Dir - straight line, f - wyvern
Aim: a wyvern (chance to affect: 49%)
Okay, then.
Casting: Inner Flame (safe; 1% risk of failure)
Confirm with . or Enter, or press ? or * to list all spells.
Okay, then.
You are confused.
You feel invigorated.
You're too confused to move!
The wyvern bites you!!
You die...

.. .. . .# #. .#
#####.### .# ##)
.....>l@##.# ....
#.....#..#.##...
..............#
#......#..#..##..
#..$...##...##..#
#...... #..##..#
###.... #..#..#
#.### #..#.# ..
#....# ..


You could see a wyvern.

Vanquished Creatures
  2 two-headed ogres
  Pikel (D:5)
  A cyclops (D:10)
  Psyche (D:8)
  Maggie (D:8)
  A kobold demonologist (D:10)
  A troll (D:9)
  A wyvern (D:10)
  Eustachio (D:6)
  A wraith (D:8)
  5 yaks (D:8)
  2 vampire mosquitoes
  A steam dragon (D:7)
  3 acid dragons
  A water moccasin (Sewer)
  2 sky beasts
  3 ice beasts
  An ogre (D:7)
  2 orc warriors
  4 phantoms
  3 centaurs
  3 lemures (D:5)
  A kobold brigand (D:6)
  A bullfrog (D:6)
  A wyvern zombie (D:7)
  A water moccasin zombie (D:5)
  A gnoll sergeant (D:10)
  3 scorpions
  6 killer bees
  3 wights (D:6)
  5 electric eels (D:10)
  3 hounds
  2 gnoll shamans
  2 orc priests
  A bullfrog skeleton (D:4)
  A jelly (D:6)
  5 orc wizards
  4 iguanas
  A scorpion zombie (D:5)
  2 hound skeletons
  A howler monkey zombie (D:9)
  15 gnolls
  9 adders
  A howler monkey skeleton (D:6)
  A shadow imp (D:8)
  A white imp (D:7)
  An adder zombie (D:3)
  An adder skeleton (D:3)
  3 worms
  A dart slug (D:1)
  40 orcs
  4 endoplasms
  A giant cockroach (D:1)
  3 goblins
  7 hobgoblins
  4 jackals (Sewer)
  2 quokkas
  7 ball pythons
  7 bats
  4 frilled lizards
  14 kobolds
  3 rats
214 creatures vanquished.

Vanquished Creatures (others)
  528 foxfires
  14 fungi (D:6)
542 creatures vanquished.

Grand Total: 756 creatures vanquished

Notes
Turn   | Place    | Note
-------+----------+-------------------------------------------
     0 | D:1      | Conn the Octopode Fire Elementalist began the quest for the
                  | Orb.
     0 | D:1      | Reached XP level 1. HP: 11/11 MP: 3/3
   303 | D:1      | Reached XP level 2. HP: 17/17 MP: 0/5
   609 | D:2      | Reached XP level 3. HP: 21/21 MP: 1/6
   632 | D:1      | Learned a level 3 spell: Conjure Flame
   912 | D:2      | Found Rioppex's Weapon Shop.
  1411 | D:2      | Reached XP level 4. HP: 11/27 MP: 5/8
  1598 | D:2      | Learned a level 2 spell: Scorch
  1897 | D:3      | Found Goahavuhol's Antique Weapon Shop.
  2072 | D:3      | Found a glowing drain.
  2084 | D:3      | Reached XP level 5. HP: 31/32 MP: 9/9
  2087 | Sewer    | Entered a sewer
  2099 | Sewer    | Reached skill level 4 in Fire Magic
  2143 | Sewer    | Learned a level 3 spell: Inner Flame
  2168 | Sewer    | Noticed a water moccasin
  2173 | Sewer    | Killed a water moccasin
  2174 | Sewer    | Reached skill level 1 in Short Blades
  2420 | D:3      | Reached XP level 6. HP: 37/37 MP: 5/10
  2934 | D:3      | Found a faded altar of an unknown god.
  3030 | D:4      | Reached skill level 1 in Fighting
  3030 | D:4      | Reached skill level 1 in Long Blades
  3030 | D:4      | Reached skill level 5 in Stealth
  3283 | D:4      | Found a burning altar of Makhleb.
  3289 | D:4      | Reached XP level 7. HP: 43/43 MP: 7/12
  3504 | D:4      | Found a blossoming altar of Fedhas.
  3862 | D:4      | Learned a level 4 spell: Flame Wave
  3894 | D:5      | Entered Level 5 of the Dungeon
  4301 | D:5      | Reached skill level 5 in Fire Magic
  4355 | D:5      | Reached XP level 8. HP: 24/48 MP: 0/14
  4485 | D:5      | Noticed Pikel
  4505 | D:5      | Killed Pikel
  4506 | D:5      | Reached skill level 1 in Hexes
  4738 | D:5      | Reached skill level 5 in Spellcasting
  4989 | D:6      | Identified the +6 falchion of Yrutum {vorpal, rPois rC+}
  5014 | D:6      | Noticed Eustachio
  5022 | D:6      | Killed Eustachio
  5023 | D:6      | Reached skill level 6 in Fire Magic
  5023 | D:6      | Reached XP level 9. HP: 40/54 MP: 16/16
  5697 | D:6      | Found a shimmering altar of Xom.
  5778 | D:6      | Found a bloodstained altar of Trog.
  5989 | D:6      | Found a hide-covered altar of Uskayaw.
  6248 | D:6      | Reached skill level 5 in Long Blades
  6791 | D:7      | Found a staircase to the Ecumenical Temple.
  6804 | Temple   | Entered the Ecumenical Temple
  6964 | Temple   | Became a worshipper of Sif Muna the Loreminder
  7154 | D:7      | Found Nuoh's Assorted Antiques.
  7165 | D:7      | Bought a cabochon ring for 125 gold pieces
  7165 | D:7      | Bought an onyx ring for 125 gold pieces
  7165 | D:7      | Bought a small soapstone amulet for 125 gold pieces
  7443 | D:7      | Reached skill level 5 in Conjurations
  7618 | D:7      | Reached XP level 10. HP: 40/63 MP: 12/19
  8286 | D:8      | Noticed Maggie
  8295 | D:8      | Killed Maggie
  8296 | D:8      | Reached skill level 7 in Fire Magic
  8911 | D:8      | Found Neennuil's Jewellery Boutique.
  8925 | D:8      | Noticed Psyche
  9091 | D:7      | Identified a scroll of acquirement
  9091 | D:7      | Acquired the ring of Yendor {Wiz rC+ Int+3 Dex-2 SInv}
  9311 | D:8      | Killed Psyche
  9637 | D:8      | Learned a level 4 spell: Iskenderun's Mystic Blast
  9642 | D:8      | Learned a level 4 spell: Airstrike
  9706 | D:9      | Noticed a two-headed ogre
  9715 | D:9      | Killed a two-headed ogre
  9716 | D:9      | Reached skill level 1 in Invocations
  9721 | D:9      | Reached skill level 1 in Translocations
  9893 | D:9      | Reached skill level 1 in Air Magic
 10289 | D:9      | Reached * piety under Sif Muna
 10426 | D:10     | Entered Level 10 of the Dungeon
 10595 | D:10     | HP: 3/63 [vampire mosquito (13)]
 10944 | D:10     | Identified the +3 dagger of Bunihi Noaze {spect, Dex+3}
 10944 | D:10     | Noticed a fire dragon
 11210 | D:10     | Noticed a two-headed ogre
 11211 | D:10     | Noticed a centaur warrior
 11222 | D:10     | Killed a two-headed ogre
 11223 | D:10     | Reached XP level 11. HP: 68/68 MP: 21/21
 11355 | D:10     | Noticed a cyclops
 11366 | D:10     | Killed a cyclops
 11367 | D:10     | Reached skill level 8 in Fire Magic
 11462 | D:10     | HP: 1/68 [fire dragon/blast of flame (33)]
 11472 | D:10     | Noticed a cyclops
 11472 | D:10     | Found the +7 captain's cutlass {speed, disarm}
 11482 | D:10     | Noticed a cyclops
 11482 | D:10     | Noticed Erica
 11504 | D:10     | Slain by a wyvern

Illustrated notes

Levels and vault maps discovered:
D:1:      minmay_arrival_glassed_features, layout_rooms
D:2:      layout_basic, serial_shops, nicolae_shop_bloodbath_and_beyond
D:3:      layout_loops_ring, shapermc_ecumenical_altar_mp_highgroup,
          cheibrodos_sewer_entry_bend, serial_undead, serial_undead_b,
          serial_undead_a, serial_undead_f, serial_undead_c, serial_shops,
          nicolae_shop_behind_doors, chequers_hall_statues_wall_a
D:4:      layout_cave_pools, fedhas_altar_1, makhleb_heckhound_becter
D:5:      layout_basic, minmay_increasing_density, uniq_pikel
D:6:      layout_loops_ring, nicolae_uskayaw_dance_studio,
          mainiacjoe_overflow_catwalk_spiral, serial_aquarium,
          aquarium_bridge_long_separate [aquarium_subvault_wall,
          aquarium_subvault_bridge, aquarium_subvault_window,
          aquarium_subvault_bridge, aquarium_subvault_wall,
          aquarium_subvault_bridge], aquarium_window_fake,
          aquarium_window_corner, aquarium_window_1, aquarium_view_2b,
          aquarium_balcony_1a, aquarium_pool_1, uniq_eustachio
D:7:      layout_loops_corners, minmay_temple_entry_slanted, serial_shops,
          nicolae_diamond_shop, hangedman_decor_diamond_cutter
D:8:      layout_loops_ring, serial_shops, shop, uniq_maggie, uniq_psyche
D:9:      layout_small_grid
D:10:     minmay_the_grid_octo_triangle [minmay_the_grid_octo_77,
          minmay_the_grid_octo_prize_star, minmay_the_grid_octo_shrine],
          layout_basic, nicolae_qazlal_general_emergency, uniq_snorg, uniq_erica
Temple:   eino_temple_rhombus

Skill      XL: |  1  2  3  4  5  6  7  8  9 10 11 |
---------------+----------------------------------+-----
Stealth        | 3 4 5 6 7 |  7.8
Spellcasting   | 3 4 5 6 7 |  7.5
Fire Magic     | 4 5 6 7 8 |  8.1
Short Blades   | 1 |  1.2
Conjurations   | 2 3 4 5 6 |  6.0
Fighting       | 1 2 3 |  3.8
Long Blades    | 1 2 3 5 6 |  6.4
Hexes          | 1 2 |  2.9
Dodging        | 3 |  3.8
Invocations    | 2 3 |  3.1
Translocations | 2 |  2.8
Air Magic      | 2 |  2.9
Shields        | |  0.8

Action                   |  1- 3 |  4- 6 |  7- 9 | 10-12 || total
-------------------------+-------+-------+-------+-------++-------
Melee: Dagger            |    26 |    20 |       |       ||    46
       Constrict         |     7 |    14 |    14 |     2 ||    37
       Tentacles         |     2 |    10 |    14 |     3 ||    29
       Falchion          |       |    26 |    81 |    13 ||   120
 Cast: Foxfire           |    43 |    43 |   127 |    95 ||   308
       Inner Flame       |       |       |     8 |    20 ||    28
       Conjure Flame     |       |       |     4 |     1 ||     5
       Flame Wave        |       |       |     5 |     6 ||    11
       Scorch            |       |       |     2 |    22 ||    24
       Airstrike         |       |       |       |     1 ||     1
Evoke: Wand              |       |       |     1 |       ||     1
       Box of beasts     |       |       |       |     2 ||     2
  Use: Potion            |       |       |     1 |     8 ||     9
       Scroll            |       |       |       |    16 ||    16
 Stab: Sleeping          |     6 |     7 |     7 |     2 ||    22
Armor: Skin              |     2 |     5 |    10 |     2 ||    19
Dodge: Dodged            |    15 |    24 |    58 |    18 ||   115
Block: Other             |       |       |     3 |     8 ||    11
       Reflection        |       |       |       |     1 ||     1

Table legend: (Time is in decaauts)
 A = Elapsed time spent in this place.
 B = Non-inter-level travel time spent in this place.
 C = Inter-level travel time spent in this place.
 D = Time resting spent in this place.
 E = Time spent auto-exploring this place.
 F = Levels seen in this place.
 G = Mean time per level.
                   A        B        C        D        E       F      G
               +--------+--------+--------+--------+--------+-----+--------+
         Total |  11504 |  11276 |    228 |   1163 |   7519 |  12 |  958.7 |
       Dungeon |  11128 |  10914 |    214 |   1128 |   7279 |  10 | 1112.8 |
        Temple |    176 |    162 |     14 |      0 |    143 |   1 |  176.0 |
         Sewer |    198 |    198 |      0 |     35 |     97 |   1 |  198.0 |
               +--------+--------+--------+--------+--------+-----+--------+

Top non-repeatable levels by time:
     D:6: 1738 daAuts
     D:7: 1510 daAuts
     D:9: 1408 daAuts
     D:8: 1282 daAuts
     D:3: 1197 daAuts
     D:5: 1066 daAuts
     D:2: 955 daAuts
     D:4: 907 daAuts
     D:1: 642 daAuts
    D:10: 419 daAuts
   Sewer: 198 daAuts
  Temple: 176 daAuts
